 Dungeon Crawl Stone Soup version 0.19-a0-1827-g174f941 (webtiles) character file.

6220 dobroeutro the Cleaver (level 10, 0/91 HPs)
             Began as a Minotaur Fighter on Oct 7, 2016.
             Was a Priest of Makhleb.
             Slain by a troll (5 damage)
             ... on level 10 of the Dungeon.
             The game lasted 00:13:13 (8911 turns).

dobroeutro the Cleaver (Minotaur Fighter)           Turns: 8911, Time: 00:13:14

Health: 0/91       AC: 13    Str: 25    XL:     10   Next: 61%
Magic:  9/9        EV:  7    Int:  5    God:    Makhleb [***...]
Gold:   355        SH: 17    Dex: 11    Spells: 0 memorised, 9 levels left

rFire  . . .     SeeInvis .     a - +1 war axe
rCold  . . .     Gourm    +     b - +0 scale mail
rNeg   . . .     Faith    .     m - +1 large shield
rPois  +         Spirit   .     (helmet restricted)
rElec  .         Dismiss  .     B - +0 cloak
rCorr  .         Reflect  .     D - +0 pair of gloves
MR     .....     Harm     .     (no boots)
Stlth  ..........               t - amulet of the gourmand
                                (no ring)
                                E - -2 ring of evasion (curse)

@: drained
A: retaliatory headbutt, horns 2, molten scales 1, poison resistance, strong 1
a: Minor Destruction, Lesser Servant of Makhleb, Renounce Religion


You were on level 10 of the Dungeon.
You worshipped Makhleb.
Makhleb was most pleased with you.
You were not hungry.

You visited 2 branches of the dungeon, and saw 11 of its levels.

You collected 489 gold pieces.
You spent 134 gold pieces at shops.

Inventory:

Hand Weapons
 a - a +1 war axe (weapon)
Armour
 b - a +0 scale mail (worn)
 m - a +1 large shield (worn)
 B - a +0 cloak (worn)
 D - a +0 pair of gloves (worn)
Jewellery
 t - an amulet of the gourmand (around neck)
 C - the ring "Jiwk" {-Tele AC+3 Str+5, unknown}
   (You found it on level 8 of the Dungeon)

   [ring of protection]

   It affects your AC (+3).
   It affects your strength (+5).
   It prevents most forms of teleportation.
 E - a cursed -2 ring of evasion (left hand)
Wands
 c - a wand of slowing (31/48)
 s - a wand of lightning (8/15)
 w - a wand of confusion (31/48)
 y - a wand of acid (8/15)
 A - a wand of lightning (13/15)
Scrolls
 e - 8 scrolls of identify
 g - 6 scrolls of remove curse
 i - a scroll of noise
 j - 3 scrolls of recharging
 k - 8 scrolls of teleportation
 l - 4 scrolls of enchant weapon
 n - 2 scrolls of amnesia
 o - 2 scrolls of enchant armour
 q - 3 scrolls of magic mapping
 r - a scroll of fear
Potions
 d - 3 potions of might
 p - a potion of cancellation
 u - a potion of curing
 x - 2 potions of beneficial mutation {unknown}
 F - a potion of berserk rage
 H - a potion of lignification {unknown}
 I - a potion of invisibility {unknown}
Comestibles
 f - 3 bread rations
 h - 3 meat rations
 v - 2 beef jerkies
 z - a slice of pizza
 G - 7 royal jellies


   Skills:
 + Level 9.2(8.6) Fighting
 * Level 11.9(11.3) Axes
 + Level 9.4(8.8) Armour
 + Level 5.6(5.0) Dodging
 + Level 7.6(7.1) Shields


You had 9 spell levels left.
You didn't know any spells.

Dungeon Overview and Level Annotations

Branches:
Dungeon (10/15)            Temple (1/1) D:5            Lair (0/6) D:8
    Orc: D:9-12

Altars:
Ashenzari
Cheibriados
Dithmenos
Elyvilon
Fedhas
Hepliaklqana
Kikubaaqudgha
Makhleb
Nemelex Xobeh
Okawaru
Ru
Sif Muna
Xom
Yredelemnul

Shops:
D:6 [   D:10 **

Annotations:
D:3 jerryfan's ghost, amateur DrIE


Innate Abilities, Weirdness & Mutations

You reflexively headbutt those who attack you in melee.
You have a pair of horns on your head.
You are partially covered in molten scales. (AC +2)
Your system is resistant to poisons. (rPois)
Your muscles are strong. (Str +2)


Message History

Something hits you.
* * * LOW HITPOINT WARNING * * *
As you read the scroll of teleportation, it crumbles to dust.
You feel strangely unstable. Something hits you but does no damage.
You block the centaur's attack.
The phantom blinks!
The centaur hits you but does no damage.
Your surroundings suddenly seem different.
A troll comes into view.
The troll shouts!
A killer bee comes into view.
The killer bee buzzes angrily.
A killer bee comes into view.
The killer bee buzzes angrily.
A killer bee comes into view.
The killer bee buzzes angrily.
A killer bee comes into view.
The killer bee buzzes angrily.
The troll completely misses you. You furiously retaliate!
You headbutt the troll! The troll claws you.
You die...

..
#####.....
.....
#.........
......
#∩........
......
##.........
......
#..........
......
#.[.....#
......
#..T....#
......
#..@....#
......
#..yy......
......
#..........
......
#..y.......
......
#..........
......
#.y..#..W..
......
#..y.#.....
......
#....#.....
......
######


You could see a troll, a hungry ghost and 5 killer bees.

Vanquished Creatures
  A queen bee (D:8)
  2 hippogriffs
  3 hungry ghosts
  Eustachio (D:5)
  A water moccasin (D:6)
  4 orc warriors
  An ice beast (D:7)
  5 sky beasts
  2 phantoms
  5 centaurs
  A crocodile (D:6)
  2 ogres (D:8)
  Blork the orc (D:5)
  A bullfrog (D:7)
  2 scorpions
  18 killer bees (D:8)
  5 wights (D:10)
  2 crimson imps
  A centaur zombie (D:7)
  A quasit (D:7)
  2 centaur skeletons (D:7)
  7 hounds
  A jelly (D:8)
  6 orc priests
  4 bullfrog skeletons
  7 iguanas
  12 orc wizards
  Terence (D:3)
  10 worker ants
  2 hound skeletons
  2 worker ant zombies (D:6)
  4 gnolls (D:4)
  9 adders
  An ooze (D:7)
  An adder zombie (D:7)
  An adder skeleton (D:4)
  4 worms
  3 dart slugs
  5 leopard geckos
  20 orcs
  2 ball pythons
  7 bats
  5 giant cockroaches
  2 goblins
  10 hobgoblins
  4 jackals (D:6)
  3 quokkas
  6 frilled lizards
  11 kobolds
  A quokka zombie (D:8)
  14 rats
226 creatures vanquished.

Notes
Turn   | Place    | Note
-------+----------+-------------------------------------------
     0 | D:1      | dobroeutro the Minotaur Fighter began the quest for the Orb.
     0 | D:1      | Reached XP level 1. HP: 19/19 MP: 0/0
   237 | D:1      | Reached XP level 2. HP: 27/27 MP: 1/1
   247 | D:1      | Reached skill level 3 in Axes
   600 | D:1      | Reached XP level 3. HP: 33/33 MP: 2/2
   699 | D:2      | Found a faded altar of an unknown god.
   816 | D:2      | Found a sparkling altar of Nemelex Xobeh.
   817 | D:2      | Found a snail-covered altar of Cheibriados.
   819 | D:2      | Found an ancient bone altar of Kikubaaqudgha.
   825 | D:2      | Found a basalt altar of Yredelemnul.
   827 | D:2      | Found a white marble altar of Elyvilon.
  1017 | D:2      | Reached skill level 4 in Axes
  1253 | D:3      | Reached XP level 4. HP: 36/40 MP: 3/3
  1310 | D:3      | Noticed Terence
  1316 | D:3      | Killed Terence
  1371 | D:3      | Noticed jerryfan's ghost (amateur DrIE)
  1660 | D:4      | Reached XP level 5. HP: 39/47 MP: 4/4
  1723 | D:4      | Reached skill level 5 in Axes
  1727 | D:4      | Reached skill level 5 in Armour
  1908 | D:4      | Noticed a phantom
  1946 | D:3      | HP: 1/47 [jerryfan's ghost/puff of frost (6)]
  2639 | D:4      | HP: 1/47 [iguana (12)]
  2641 | D:4      | Reached XP level 6. HP: 2/55 MP: 5/5
  2953 | D:4      | Reached skill level 5 in Fighting
  2991 | D:4      | Reached skill level 6 in Axes
  3272 | D:4      | Reached XP level 7. HP: 48/61 MP: 6/6
  3532 | D:5      | Entered Level 5 of the Dungeon
  3554 | D:5      | Reached skill level 7 in Axes
  3577 | D:5      | Found a staircase to the Ecumenical Temple.
  3591 | Temple   | Entered the Ecumenical Temple
  3616 | Temple   | Became a worshipper of Makhleb the Destroyer
  3682 | D:5      | Noticed Blork the orc
  3691 | D:5      | Killed Blork the orc
  4640 | D:5      | Noticed Eustachio
  4647 | D:5      | Killed Eustachio
  4647 | D:5      | Reached skill level 8 in Axes
  4647 | D:5      | Reached XP level 8. HP: 71/71 MP: 7/7
  4766 | D:6      | Found Vihyf's Armour Shop.
  4887 | D:6      | Reached * piety under Makhleb
  5044 | D:6      | Bought a +0 cloak for 67 gold pieces
  5044 | D:6      | Bought a +0 pair of gloves for 67 gold pieces
  5307 | D:6      | Reached skill level 1 in Dodging
  5632 | D:7      | Reached skill level 9 in Axes
  5745 | D:7      | Found an iron altar of Okawaru.
  5751 | D:7      | HP: 3/73 [orc wizard/magic dart (3)]
  6159 | D:7      | Reached skill level 5 in Shields
  6159 | D:7      | Reached XP level 9. HP: 41/79 MP: 8/8
  6194 | D:7      | Gained mutation: Your muscles are strong. (Str +2) [mutagenic meat]
  6518 | D:7      | Reached skill level 10 in Axes
  6523 | D:7      | Reached ** piety under Makhleb
  7031 | D:8      | Gained mutation: You are partially covered in molten scales. (AC +2) [mutagenic meat]
  7037 | D:8      | Gained mutation: Your system is resistant to poisons. (rPois) [mutagenic meat]
  7287 | D:8      | Found a staircase to the Lair.
  7310 | D:8      | Got a vibrating wooden ring
  7367 | D:8      | Reached skill level 11 in Axes
  7445 | D:8      | Reached XP level 10. HP: 81/90 MP: 9/9
  7520 | D:8      | Reached *** piety under Makhleb
  7520 | D:8      | Reached skill level 5 in Dodging
  8446 | D:9      | Found a shadowy altar of Dithmenos.
  8735 | D:9      | Found a deep blue altar of Sif Muna.
  8794 | D:10     | Entered Level 10 of the Dungeon
  8873 | D:10     | Found Liefam's General Store.
  8908 | D:10     | HP: 4/91 [something (6)]
  8911 | D:10     | Found Zotewkei's Assorted Antiques.
  8911 | D:10     | Slain by a troll

Vault maps used:
D:1:      co_arrival_random_square_maze
D:2:      grunt_temple_overflow_open, ecumenical_altar_1, first_bread,
          solitary_fountain, moated_statue
D:3:      uniq_terence
D:5:      kennysheep_generic_room_3, uniq_blork_the_orc, uniq_eustachio
D:6:      serial_shops, nicolae_shop_waterfront
D:7:      serial_curves, eino_curves_04, eino_curves_01,
          minmay_stone_trees_small, okawaru_gym_becter
D:8:      lair_0_dummy, david_nohive_1
D:9:      basic_altar, nicolae_wwwww, nicolae_dithmenos_the_darkroom
D:10:     zombieorc2_lemuel, serial_shops, shop, shop, shop, st_stairs_9,
          uniq_joseph
Temple:   eino_temple_rhombus

Skill      XL: |  1  2  3  4  5  6  7  8  9 10 |
---------------+-------------------------------+-----
Axes           | 3 4 5 6 8 9 11 | 11.9
Armour         | 4 5 6 7 8 9 |  9.4
Fighting       | 4 5 6 7 8 9 |  9.2
Dodging        | 2 4 5 |  5.6
Shields        | 5 6 7 |  7.6

Action                   |  1- 3 |  4- 6 |  7- 9 | 10-12 || total
-------------------------+-------+-------+-------+-------++-------
Melee: War axe           |   114 |   130 |   366 |   227 ||   837
       Headbutt          |    17 |    26 |    63 |    39 ||   145
  Use: Potion            |       |     3 |     2 |       ||     5
       Scroll            |       |       |    11 |     1 ||    12
  Eat: Chunk             |       |     6 |    28 |     3 ||    37
       Pizza             |       |       |     1 |       ||     1
       Beef jerky        |       |       |     1 |       ||     1
       Bread ration      |       |       |       |     1 ||     1
Armor: Scale mail        |    33 |    46 |   147 |    84 ||   310
Dodge: Dodged            |    38 |    45 |    62 |    45 ||   190
Block: Shield            |    63 |    63 |     5 |       ||   131
       Large shield      |       |       |   293 |   231 ||   524
